 Dungeon Crawl Stone Soup version 0.31.0-11-ge490571c62 (webtiles) character file.

Game seed: 860902698666021537

5076 qw the Markself (level 10, 0/61 HPs)
             Began as a Deep Elf Hunter on Feb 4, 2024.
             Was a Follower of Okawaru.
             Slain by a cyan ugly thing (12 damage)
             ... on level 8 of the Dungeon.
             The game lasted 00:00:35 (6122 turns).

qw the Markself (Deep Elf Hunter)                   Turns: 6122, Time: 00:00:36

Health: 0/61       AC: 15    Str: 11 (12) XL:     10   Next: 31%
Magic:  18/18      EV: 20    Int: 14 (15) God:    Okawaru [*.....]
Gold:   423        SH:  5    Dex: 20      Spells: 9/9 levels left

rFire   . . .        p - +0 orcbow (heavy)
rCold   . . .        (shield currently unavailable)
rNeg    . . .        k - +3 ring mail of Conscience {Dex+2}
rPois   +            g - +2 helmet
rElec   .            (no cloak)
rCorr   .            (no gloves)
SInv    .            f - +1 pair of boots
Will    +++..        n - amulet of reflection
Stlth   +++          j - ring of willpower
HPRegen 0.30/turn    (no ring)
MPRegen 0.16/turn

%: reflection
@: about to teleport, heroic
A: deterioration 1, strong-willed 1, poison resistance, robust 1
a: Renounce Religion, Heroism


You were on level 8 of the Dungeon.
You worshipped Okawaru.
Okawaru was aware of your devotion.
You visited 2 branches of the dungeon, and saw 10 of its levels.

You collected 423 gold pieces.


Innate Abilities, Weirdness & Mutations

Your body sometimes deteriorates upon taking damage.
You are strong-willed. (Will+)
Your system is resistant to poisons. (rPois)
You are robust. (+10% HP)


   Skills:
 + Level 3.6(8.6) Fighting
 - Level 15.0(20.0) Ranged Weapons
 - Level 1.9(6.9) Armour
 - Level 10.7(15.7) Dodging
 - Level 1.2(6.2) Stealth
 - Level 9.1 Invocations


You had 9 spell levels left.
You didn't know any spells.
Your spell library was empty.

Inventory:

Hand Weapons
 p - a +0 heavy orcbow (weapon)
Armour
 c - a +1 hat
 f - a +1 pair of boots (worn)
 g - a +2 helmet (worn)
 k - the +3 ring mail of Conscience (worn) {Dex+2}
   (You found it on level 2 of the Dungeon)

   Dex+2:     It affects your dexterity (+2).
Jewellery
 j - a ring of willpower (left hand)
 n - an amulet of reflection (around neck)
Scrolls
 a - a scroll of identify
 l - 3 scrolls of teleportation
Potions
 b - a potion of curing
 d - a potion of mutation
 h - 2 potions of might
 i - 3 potions of enlightenment
 o - a potion of resistance

Dungeon Overview and Level Annotations

Branches:
Dungeon (9/15)             Temple (1/1) D:5
   Lair: D:8-11         Orc: D:9-12

Altars:
Ashenzari
Cheibriados
Dithmenos
Elyvilon
Fedhas
Gozag
Hepliaklqana
Kikubaaqudgha
Nemelex Xobeh
Okawaru
Qazlal
Ru
Sif Muna
Trog
Uskayaw
Vehumet
Wu Jian
Xom
Yredelemnul
Zin
The Shining One

Shops:
D:1 !

Annotations:
D:2 1 runed translucent door, Crazy Yiuf


Message History

Okawaru accepts your kill.
You start resting.
You feel like a meek peon again.
HP restored.
Items here: %% )))) [[[.
There is an open door here.
There is an open door here.
You see here 6 boomerangs.
A cyan ugly thing comes into view.
6113 ||| INVOKING Heroism.
You gain the combat prowess of a mighty hero.
You shoot an arrow. The arrow hits the cyan ugly thing!!
The cyan ugly thing is moderately wounded.
You shoot an arrow.
The arrow hits the cyan ugly thing but does no damage.
The cyan ugly thing is moderately wounded.
You shoot an arrow. The arrow hits the cyan ugly thing.
The cyan ugly thing is moderately wounded.
You shoot an arrow.
The arrow barely misses the cyan ugly thing.
The cyan ugly thing completely misses you.
You shoot an arrow.
The arrow closely misses the cyan ugly thing.
The cyan ugly thing misses you. The cyan ugly thing closely misses you.
You shoot an arrow.
The arrow completely misses the cyan ugly thing.
The cyan ugly thing closely misses you.
You shoot an arrow. The arrow hits the cyan ugly thing!
The cyan ugly thing is moderately wounded.
The cyan ugly thing bites you! The cyan ugly thing shocks you!
Your body deteriorates!
You feel dopey.
You shoot an arrow. The arrow hits the cyan ugly thing!!
The cyan ugly thing is severely wounded.
The cyan ugly thing bites you! The cyan ugly thing shocks you!
Your body deteriorates!
You feel weakened.
6122 ||| READING 4 scrolls of teleportation.
As you read the scroll of teleportation, it crumbles to dust.
You feel strangely unstable. The cyan ugly thing bites you.
The cyan ugly thing shocks you!
You die...

#.......#...####..).......
##.....##...# ######.....
##...###...# #..... #####
#...# #..... ... #(..#
#..... .... #...+ #.###.
..... #...# #.# .
......#...# #.# #....u@..#
##########


You could see a cyan ugly thing.

Vanquished Creatures
  A centaur warrior (D:8)
  Pikel (D:7)
  A yak (D:8)
  A wyvern (D:8)
  2 orc warriors
  An ogre (D:5)
  A black bear (D:6)
  3 centaurs
  2 phantoms (D:5)
  A lemure (D:7)
  4 bullfrogs
  A gnoll sergeant (D:8)
  4 scorpions
  4 wights (D:7)
  A howler monkey (D:5)
  A jelly (D:6)
  2 orc priests
  3 gnoll boudas
  2 hounds
  2 sleepcaps
  Natasha (D:2)
  3 orc wizards
  Robin (D:3)
  10 gnolls
  11 adders
  3 shadow imps
  2 white imps
  A ribbon worm (D:2)
  3 dart slugs
  25 orcs
  5 ball pythons
  4 bats
  8 endoplasms
  A giant cockroach (D:1)
  20 goblins
  9 hobgoblins
  2 jackals (D:2)
  6 kobolds
  3 quokkas
  A frilled lizard (D:1)
  4 rats
161 creatures vanquished.

Notes
Turn   | Place    | Note
-------+----------+-------------------------------------------
     0 | D:1      | qw the Deep Elf Hunter began the quest for the Orb.
     0 | D:1      | Reached XP level 1. HP: 12/12 MP: 3/3
     0 | D:1      | 0 ||| qw: Version: 0.3-a-160-g6735b56
     0 | D:1      | 0 ||| qw: Game counter: 4919
     0 | D:1      | 0 ||| qw: Melee chars always use a shield: true
     0 | D:1      | 0 ||| qw: God list: Okawaru
     0 | D:1      | 0 ||| qw: Allow faded altars: false
     0 | D:1      | 0 ||| qw: Do Orc after clearing Dungeon:15 true
     0 | D:1      | 0 ||| qw: Do second Lair branch before Depths: true
     0 | D:1      | 0 ||| qw: Lair rune preference: random
     0 | D:1      | 0 ||| qw: Goals: Normal
     0 | D:1      | 0 ||| PLANNING D:1-11
   294 | D:1      | Reached XP level 2. HP: 16/16 MP: 4/4
   306 | D:1      | Reached skill level 6 in Ranged Weapons
   509 | D:1      | Found Misoick's Distillery.
   515 | D:1      | Reached XP level 3. HP: 20/20 MP: 5/5
   523 | D:1      | 523 ||| SHOPLISTING potion of curing (42 gold, have 36).
   523 | D:1      | 523 ||| SHOPLISTING potion of haste (140 gold, have 36).
   523 | D:1      | 523 ||| SHOPLISTING potion of mutation (112 gold, have 36).
   523 | D:1      | 523 ||| SHOPLISTING potion of resistance (140 gold, have
                  | 36).
   545 | D:1      | 545 ||| UPGRADING to +0 pair of boots.
   550 | D:1      | 550 ||| UPGRADING to amulet of regeneration.
   555 | D:1      | 555 ||| READING scroll labelled YNKOASHR IMEXEEQO.
   555 | D:1      | 555 ||| IDENTIFYING orange potion
   556 | D:1      | 556 ||| READING scroll labelled LUULOI UCVU.
   556 | D:1      | 556 ||| ENCHANTING +0 shortbow.
   557 | D:1      | 557 ||| DRINKING 2 metallic blue potions.
   557 | D:1      | Gained mutation: Your system is resistant to poisons.
                  | (rPois) [potion of mutation]
   557 | D:1      | Gained mutation: Your body sometimes deteriorates upon
                  | taking damage. [potion of mutation]
   557 | D:1      | Gained mutation: You are robust. (+10% HP) [potion of
                  | mutation]
   557 | D:1      | Gained mutation: You are strong-willed. (Will+) [potion of
                  | mutation]
   558 | D:1      | 558 ||| DROPPING scroll of butterflies.
   559 | D:1      | 559 ||| DROPPING potion of attraction.
  1056 | D:1      | 1056 ||| UPGRADING to ring of willpower.
  1057 | D:1      | 1057 ||| READING scroll labelled AMELUO NAGIME.
  1058 | D:1      | 1058 ||| READING scroll labelled NITAKH UFEZOE.
  1172 | D:2      | 1172 ||| READING scroll of enchant weapon.
  1172 | D:2      | 1172 ||| ENCHANTING +1 shortbow.
  1177 | D:2      | Reached skill level 7 in Ranged Weapons
  1192 | D:2      | Identified the +3 ring mail of Conscience {Dex+2}
  1297 | D:2      | 1297 ||| READING scroll of enchant weapon.
  1297 | D:2      | 1297 ||| ENCHANTING +2 shortbow.
  1322 | D:2      | Reached XP level 4. HP: 27/27 MP: 6/6
  1378 | D:2      | Found a runed translucent door.
  1379 | D:2      | Noticed Crazy Yiuf
  1428 | D:2      | Found a basalt altar of Yredelemnul.
  1481 | D:2      | Found a faded altar of an unknown god.
  1562 | D:2      | Noticed Natasha
  1566 | D:2      | Killed Natasha
  1887 | D:2      | 1887 ||| UPGRADING to +3 ring mail of Conscience {Dex+2}.
  1897 | D:2      | 1897 ||| DROPPING +0 leather armour.
  1898 | D:2      | 1898 ||| DROPPING amulet of magic regeneration.
  1899 | D:2      | 1899 ||| READING scroll of identify.
  1899 | D:2      | 1899 ||| IDENTIFYING lumpy white potion
  1900 | D:2      | 1900 ||| READING scroll labelled DIYCETHR FOGUON.
  1927 | D:2      | 1927 ||| READING scroll labelled UDARIK ODONOUS.
  1928 | D:2      | 1928 ||| DROPPING potion of ambrosia.
  1971 | D:3      | Reached skill level 8 in Ranged Weapons
  2010 | D:3      | Reached XP level 5. HP: 21/31 MP: 7/7
  2073 | D:3      | Reached skill level 9 in Ranged Weapons
  2286 | D:3      | Noticed Robin
  2304 | D:3      | Killed Robin
  2305 | D:3      | Reached skill level 3 in Dodging
  2712 | D:3      | 2712 ||| UPGRADING to +0 helmet.
  2717 | D:3      | 2717 ||| READING 3 scrolls of identify.
  2717 | D:3      | 2717 ||| IDENTIFYING fizzy amethyst potion
  2718 | D:3      | 2718 ||| READING 2 scrolls of identify.
  2718 | D:3      | 2718 ||| IDENTIFYING murky white potion
  2719 | D:3      | 2719 ||| READING scroll of identify.
  2719 | D:3      | 2719 ||| IDENTIFYING emerald potion
  2720 | D:3      | 2720 ||| READING scroll labelled UWNEEL RAOLE.
  2821 | D:3      | 2821 ||| DRINKING 2 pink potions.
  2822 | D:3      | 2822 ||| DROPPING potion of lignification.
  2972 | D:4      | Reached XP level 6. HP: 38/38 MP: 8/8
  3008 | D:4      | Found a radiant altar of Vehumet.
  3073 | D:4      | 3073 ||| READING scroll of enchant weapon.
  3073 | D:4      | 3073 ||| ENCHANTING +3 shortbow.
  3142 | D:4      | Reached skill level 1 in Armour
  3170 | D:4      | 3170 ||| SWAPPING to +0 heavy orcbow.
  3171 | D:4      | 3171 ||| DROPPING +4 shortbow.
  3214 | D:4      | Found an ornate altar of the Wu Jian Council.
  3594 | D:4      | Found a hazy altar of Hepliaklqana.
  3597 | D:4      | 3597 ||| UPGRADING to amulet of reflection.
  3607 | D:4      | 3607 ||| DROPPING amulet of regeneration.
  3608 | D:4      | 3608 ||| READING 3 scrolls of identify.
  3608 | D:4      | 3608 ||| IDENTIFYING 2 smoky clear potions
  3609 | D:4      | 3609 ||| READING 2 scrolls of identify.
  3609 | D:4      | 3609 ||| IDENTIFYING scroll labelled ATOTUGH KEPT
  3610 | D:4      | 3610 ||| READING scroll of identify.
  3610 | D:4      | 3610 ||| IDENTIFYING scroll labelled CAMMARH ICUMN
  3611 | D:4      | 3611 ||| READING scroll labelled OGHIGA HAUTEYS.
  3612 | D:4      | 3612 ||| DROPPING scroll of torment.
  3613 | D:4      | 3613 ||| DROPPING scroll of amnesia.
  3637 | D:5      | Entered Level 5 of the Dungeon
  3678 | D:5      | Identified the +2 robe "Vatt" {Str+4}
  3728 | D:5      | Reached skill level 10 in Ranged Weapons
  3730 | D:5      | Reached XP level 7. HP: 44/44 MP: 9/9
  3950 | D:5      | Found a faded altar of an unknown god.
  3950 | D:5      | Found a bloodstained altar of Trog.
  3958 | D:5      | Found a white marble altar of Elyvilon.
  3960 | D:5      | Found a faded altar of an unknown god.
  3962 | D:5      | Found a sacrificial altar of Ru.
  4014 | D:5      | Found a staircase to the Ecumenical Temple.
  4015 | D:5      | 4015 ||| PLANNING TEMPLE
  4023 | Temple   | Entered the Ecumenical Temple
  4024 | Temple   | 4024 ||| PLANNING OKAWARU WORSHIP
  4038 | Temple   | Became a worshipper of Warmaster Okawaru
  4039 | Temple   | 4039 ||| PLANNING D:1-11
  4249 | D:5      | Reached skill level 11 in Ranged Weapons
  4767 | D:5      | 4767 ||| READING 2 scrolls labelled FALUMY DAOSTISU.
  4767 | D:5      | 4767 ||| ENCHANTING +0 helmet.
  4768 | D:5      | 4768 ||| READING scroll of enchant armour.
  4768 | D:5      | 4768 ||| ENCHANTING +1 helmet.
  4769 | D:5      | 4769 ||| READING scroll labelled FOARAQ BERHAI.
  4832 | D:6      | Reached skill level 12 in Ranged Weapons
  4832 | D:6      | Reached XP level 8. HP: 48/48 MP: 10/10
  4862 | D:6      | Identified the +9 long sword "Jifuj" {freeze, ^Drain rCorr
                  | Dex+3}
  4929 | D:6      | Reached skill level 3 in Fighting
  4971 | D:6      | Found a blossoming altar of Fedhas.
  4994 | D:6      | Reached * piety under Okawaru
  5232 | D:6      | Reached skill level 13 in Ranged Weapons
  5234 | D:6      | Reached skill level 1 in Invocations
  5266 | D:6      | 5266 ||| READING 2 scrolls of identify.
  5266 | D:6      | 5266 ||| IDENTIFYING bubbling amethyst potion
  5267 | D:6      | 5267 ||| DRINKING potion of experience.
  5267 | D:6      | Reached skill level 9 in Invocations
  5267 | D:6      | Reached XP level 9. HP: 55/55 MP: 10/17
  5314 | D:6      | 5314 ||| READING scroll of identify.
  5314 | D:6      | 5314 ||| IDENTIFYING inky potion
  5315 | D:6      | 5315 ||| READING scroll labelled KAILUYT XADIM.
  5316 | D:6      | 5316 ||| DROPPING potion of berserk rage.
  5335 | D:7      | 5335 ||| RETREEEEATING.
  5335 | D:7      | Noticed Pikel
  5336 | D:7      | 5336 ||| RETREEEEATING.
  5337 | D:7      | 5337 ||| RETREEEEATING.
  5338 | D:7      | 5338 ||| RETREEEEATING.
  5341 | D:7      | 5341 ||| RETREEEEATING.
  5342 | D:7      | 5342 ||| INVOKING Heroism.
  5345 | D:7      | Killed Pikel
  5465 | D:7      | Reached skill level 14 in Ranged Weapons
  5467 | D:7      | Reached XP level 10. HP: 61/61 MP: 18/18
  5498 | D:7      | You fall into a shaft and drop 2 floors!
  5567 | D:7      | 5567 ||| READING scroll of enchant armour.
  5567 | D:7      | 5567 ||| ENCHANTING +0 pair of boots.
  5672 | D:7      | 5672 ||| RETREEEEATING.
  5830 | D:8      | Noticed a centaur warrior
  5831 | D:8      | 5831 ||| INVOKING Heroism.
  5835 | D:8      | Killed a centaur warrior
  5973 | D:8      | 5973 ||| RETREEEEATING.
  5975 | D:8      | 5975 ||| RETREEEEATING.
  5977 | D:8      | 5977 ||| RETREEEEATING.
  5980 | D:8      | 5980 ||| INVOKING Heroism.
  5983 | D:8      | Reached skill level 15 in Ranged Weapons
  6004 | D:8      | Reached ** piety under Okawaru
  6112 | D:8      | Noticed a cyan ugly thing
  6113 | D:8      | 6113 ||| INVOKING Heroism.
  6121 | D:8      | HP: 15/61 [cyan ugly thing (14)]
  6122 | D:8      | 6122 ||| READING 4 scrolls of teleportation.
  6122 | D:8      | Slain by a cyan ugly thing

Levels and vault maps discovered:
D:1:      amcnicky_arrival_feature_with_door, layout_basic, serial_shops, shop,
          serial_co_window_serial, co_window_corner_a,
          co_window_of_opportunity_a, co_window_corner_a,
          co_window_of_opportunity_a, co_window_of_opportunity_a,
          co_window_2corner, co_window_cross_2, co_window_paths_c,
          co_window_broadway_b, co_window_2corner, co_window_broadway_c,
          co_window_paths_d, glass_columns_a, glass_columns_a, glass_columns_c,
          amcnicky_mini_pool_small
D:2:      layout_loops_ring, shapermc_ecumenical_altar_venn, basic_altar,
          uniq_crazy_yiuf_cottage, uniq_natasha
D:3:      layout_loops_ring, guppyfry_early_orc_mine, uniq_robin
D:4:      layout_basic, nicolae_hepliaklqana_hippocampus, kennysheep_little_box,
          old_standard_altar
D:5:      layout_basic, chequers_temple_overflow_minitemple,
          minmay_temple_entry_waves
D:6:      layout_rooms, fedhas_altar_fruit_tree, grunt_decor_mini_mirrors
D:7:      layout_rooms, kennysheep_generic_room_15, uniq_pikel
D:8:      minmay_opposing_rooms, layout_basic, chequers_serial_rivers_room_a,
          nicolae_water_bricks
D:9:      layout_big_octagon, demons_altar, lair_entry_dummy, roderic_lattice_a,
          chequers_serial_rivers_micro_e
Temple:   jpeg_temple_clearing

Skill      XL: |  1  2  3  4  5  6  7  8  9 10 |
---------------+-------------------------------+-----
Ranged Weapons | 6 7 8 9 10 12 13 14 15 | 15.0
Fighting       | 2 3 |  3.6
Dodging        | 3 4 10 | 10.7
Armour         | 1 |  1.9
Invocations    | 9 |  9.1
Stealth        | |  1.2

Action                     |  1- 3 |  4- 6 |  7- 9 | 10-12 || total
---------------------------+-------+-------+-------+-------++-------
   Fire: Shortbow          |    70 |   139 |       |       ||   209
         Orcbow            |       |    39 |    91 |    60 ||   190
 Invoke: Heroism           |       |       |     1 |     3 ||     4
    Use: Scroll            |     6 |    12 |     6 |     2 ||    26
         Potion            |     1 |     1 |     1 |       ||     3
 Armour: Leather armour    |    16 |     2 |       |       ||    18
         Ring mail         |       |    45 |    26 |    30 ||   101
  Dodge: Dodged            |    18 |    35 |    25 |    81 ||   159
  Block: Other             |       |     3 |     5 |    18 ||    26
         Reflection        |       |       |     1 |     3 ||     4

Table legend:
 A = Non-vault XP
 B = Vault XP
 C = Vault XP percentage of total XP
 D = Non-vault monster count
 E = Vault monster count
 F = Vault count percentage of total count
                 A         B        C        D         E       F
            +---------+---------+-------+---------+---------+-------
      Total |    2923 |    2230 |  43.3 |     129 |      31 |  19.4
            +---------+---------+-------+---------+---------+-------
        D:1 |      49 |       0 |   0.0 |      20 |       0 |   0.0
        D:2 |      63 |      35 |  35.7 |      13 |       1 |   7.1
        D:3 |     172 |      54 |  23.9 |      19 |      19 |  50.0
        D:4 |     279 |       0 |   0.0 |      25 |       0 |   0.0
        D:5 |     598 |       0 |   0.0 |      13 |       0 |   0.0
        D:6 |     911 |       0 |   0.0 |      19 |       0 |   0.0
        D:7 |     812 |     598 |  42.4 |      19 |       2 |   9.5
        D:8 |      39 |    1543 |  97.5 |       1 |       9 |  90.0
            +---------+---------+-------+---------+---------+-------
